 Dungeon Crawl Stone Soup version 0.23.2-40-g277498a (webtiles) character file.

Game seed: 16361620151938804967

17523 zhovat1 the Thaumaturge (level 12, -2/70 HPs)
             Began as a Deep Elf Earth Elementalist on Aug 15, 2019.
             Was a High Priest of Vehumet.
             Slain by a six-headed hydra (11 damage)
             ... on level 12 of the Dungeon.
             The game lasted 00:31:23 (18928 turns).

zhovat1 the Thaumaturge (DEEE)                     Turns: 18928, Time: 00:31:24

Health: -2/70      AC:  6    Str:  5    XL:     12   Next: 19%
Magic:  37/37      EV: 18    Int: 26    God:    Vehumet [*****.]
Gold:   731        SH:  5    Dex: 15    Spells: 1/32 levels left

rFire    + . .     SeeInvis .   e - +7 demon trident
rCold    + + .     Gourm    .   k - +0 buckler
rNeg     + . .     Faith    .   E - +1 robe {rC+}
rPois    .         Spirit   .   (no helmet)
rElec    .         Reflect  .   c - scarf {rC+ rF+}
rCorr    .         Harm     .   (no gloves)
MR       +....                  i - +2 pair of boots
Stlth    ++........             I - amulet of regeneration
HPRegen  0.61/turn              p - ring of positive energy
MPRegen  0.25/turn              a - ring of magical power

@: about to teleport
A: no striking features
a: Renounce Religion


You were on level 12 of the Dungeon.
You worshipped Vehumet.
Vehumet was extremely pleased with you.
You were not hungry.

You visited 2 branches of the dungeon, and saw 13 of its levels.

You collected 731 gold pieces.

Inventory:

Hand Weapons
 e - a +7 demon trident (weapon)
 y - a +4 dagger of venom
Missiles
 t - 56 stones (quivered)
Armour
 c - a scarf of resistance (worn)
 i - a +2 pair of boots (worn)
 k - a +0 buckler (worn)
 E - a +1 robe of cold resistance (worn)
Jewellery
 a - a ring of magical power (right hand)
 f - an uncursed ring of resist corrosion
 p - a ring of positive energy (left hand)
 A - an uncursed ring of flight
 I - an amulet of regeneration (around neck)
 L - an uncursed amulet of harm {unknown}
Wands
 b - a wand of iceblast (10)
 u - a wand of digging (9)
 w - a wand of polymorph (7)
 x - a wand of enslavement (26)
 C - a wand of paralysis (9)
 J - a wand of flame (20)
Scrolls
 l - 2 scrolls of teleportation
 m - 12 scrolls of remove curse
 n - 2 scrolls of fear
 r - 3 scrolls of magic mapping
 v - a scroll of fog
 B - 3 scrolls of amnesia
 F - a scroll of blinking
 M - a scroll of identify
 N - a scroll of holy word {unknown}
 O - a scroll of enchant armour
Potions
 g - 2 potions of might {unknown}
 h - a potion of degeneration {unknown}
 j - 4 potions of magic
 o - a potion of invisibility {unknown}
 q - a potion of flight {unknown}
 s - a potion of resistance {unknown}
 z - 2 potions of curing
 D - a potion of brilliance {unknown}
 G - a potion of agility {unknown}
 H - a potion of ambrosia {unknown}
 K - a potion of berserk rage {unknown}
Comestibles
 d - 16 rations
 P - 2 chunks of flesh


   Skills:
 + Level 6.3 Fighting
 + Level 9.4 Dodging
 - Level 2.4 Stealth
 - Level 4.0 Shields
 + Level 10.5 Spellcasting
 + Level 8.3 Conjurations
 - Level 6.0 Charms
   Level 1.1 Transmutations
 + Level 6.5 Fire Magic
 + Level 9.0 Earth Magic
 + Level 6.6 Evocations


You had one spell level left.
You knew the following spells:

 Your Spells              Type           Power        Failure   Level  Hunger
a - Sandblast             Erth           ######       1%          1    None
b - Stone Arrow           Conj/Erth      ######       1%          3    None
c - Lee's Rapid Deconstr  Erth           ######....   1%          5    ####...
d - Flame Tongue          Conj/Fire      #####        1%          1    None
e - Iskenderun's Battles  Conj/Chrm      ######..     1%          5    ####...
f - Bolt of Magma         Conj/Fire/Erth ######....   1%          5    ####...
g - Iron Shot             Conj/Erth      ######....   5%          6    #####..
h - Fireball              Conj/Fire      ######....   1%          5    ####...

Your spell library contained the following spells:

 Spells                   Type           Power        Failure   Level  Hunger
 Infusion                 Chrm           ####         1%          1    None
 Animate Skeleton         Necr           N/A          4%          1    None
 Pain                     Necr           ##..         4%          1    None
 Passwall                 Tmut/Erth      #####...     1%          2    None
 Shroud of Golubria       Chrm/Tloc      ####......   1%          2    None
 Song of Slaying          Chrm           #####...     1%          2    None
 Regeneration             Chrm/Necr      ####......   3%          3    None
 Spectral Weapon          Hex/Chrm       ####....     3%          3    None
 Petrify                  Tmut/Erth      #####...     5%          4    None
 Venom Bolt               Conj/Pois      #####.....   6%          5    ####...
 Vampiric Draining        Necr           ##........   13%         3    None
 Orb of Destruction       Conj           ######....   30%         7    #######
 Animate Dead             Necr           N/A          41%         4    None
 Spellforged Servitor     Conj/Summ      #####.....   82%         7    #######


Dungeon Overview and Level Annotations

Branches:
Dungeon (12/15)            Temple (1/1) D:5            Lair (0/6) D:10
    Orc (0/2) D:11

Altars:
Ashenzari
Cheibriados
Dithmenos
Elyvilon
Fedhas
Gozag
Hepliaklqana
Kikubaaqudgha
Makhleb
Nemelex Xobeh
Okawaru
Qazlal
Ru
Sif Muna
Trog
Uskayaw
Vehumet
Wu Jian
Xom
Yredelemnul
Zin
The Shining One

Shops:
D:11 *

Annotations:
D:11 exclusion: obsidian statue


Message History

The six-headed hydra bites you but does no damage.
The six-headed hydra bites you. x2; The six-headed hydra bites you!
The six-headed hydra bites you.
* * * LOW HITPOINT WARNING * * *
The six-headed hydra bites you but does no damage.
You block the six-headed hydra's attack.
You feel better. The six-headed hydra barely misses you.
The six-headed hydra completely misses you.
The six-headed hydra bites you but does no damage.
The six-headed hydra misses you. The six-headed hydra bites you!
The six-headed hydra misses you.
As you read the scroll of teleportation, it crumbles to dust.
You feel strangely unstable.
The six-headed hydra closely misses you.
You block the six-headed hydra's attack.
The six-headed hydra closely misses you.
The six-headed hydra bites you!
* * * LOW HITPOINT WARNING * * *
The six-headed hydra bites you!
You die...

# #######
#.....#########
#.^...........#######
#.............'.....#
#.............#####.#
'.......(....


You could see a six-headed hydra and an orc.

Vanquished Creatures
  Josephine (D:10)
  A hydra (D:12)
  3 two-headed ogres (D:9)
  Urug (D:11)
  An unseen horror (D:11)
  Pikel (D:5)
  An ugly thing (D:12)
  An ice statue (D:11)
  2 gargoyles
  A troll (D:11)
  A merfolk (D:9)
  A hippogriff (D:7)
  A meliai zombie (D:11)
  4 wraiths (D:10)
  8 yaks (D:11)
  Eustachio (D:5)
  4 hungry ghosts
  A two-headed ogre zombie (D:11)
  3 wargs (D:10)
  A water moccasin (D:11)
  Duvessa (D:7)
  5 orc warriors
  3 slaves (D:4)
  A black bear (D:9)
  3 ice beasts
  4 phantoms
  3 sky beasts
  2 necrophages (D:4)
  4 ogres
  5 centaurs
  2 crocodiles
  A big kobold (D:7)
  A wyvern zombie (D:11)
  7 bullfrogs
  A water moccasin zombie (D:7)
  Dowan (D:7)
  4 scorpions
  2 troll zombies (D:11)
  14 killer bees
  11 howler monkeys
  2 electric eels (D:9)
  6 crimson imps
  A centaur zombie (D:12)
  5 hounds
  10 orc priests
  21 orc wizards
  A gnoll shaman (D:3)
  2 jellies
  Ijyb (D:5)
  6 centaur skeletons
  3 iguanas
  2 bullfrog skeletons (D:5)
  12 worker ants
  A killer bee zombie (D:10)
  4 ogre zombies (D:11)
  A hound zombie (D:8)
  2 hound skeletons
  Robin (D:4)
  7 gnolls
  11 adders
  A howler monkey skeleton (D:8)
  4 shadow imps
  An ooze (D:7)
  3 adder zombies
  2 adder skeletons (D:4)
  3 worms (D:2)
  A dart slug (D:4)
  3 leopard geckos
  29 orcs
  3 ball pythons
  6 bats
  5 giant cockroaches
  16 goblins
  9 hobgoblins
  19 jackals
  2 quokkas
  4 frilled lizards
  7 goblin zombies (D:11)
  A hobgoblin skeleton (D:11)
  13 kobolds
  A leopard gecko skeleton (D:8)
  2 orc skeletons (D:11)
  15 orc zombies (D:11)
  2 quokka zombies
  10 rats
374 creatures vanquished.

Vanquished Creatures (others)
  A slave (D:5)
  A jackal (D:10)
  A giant cockroach zombie (D:5)
3 creatures vanquished.

Grand Total: 377 creatures vanquished

Notes
Turn   | Place    | Note
-------+----------+-------------------------------------------
     0 | D:1      | zhovat1 the Deep Elf Earth Elementalist began the quest for
                  | the Orb.
     0 | D:1      | Reached XP level 1. HP: 10/10 MP: 6/6
   133 | D:1      | Reached XP level 2. HP: 16/16 MP: 2/8
  1469 | D:2      | Reached XP level 3. HP: 20/20 MP: 7/10
  1518 | D:2      | Reached skill level 1 in Fighting
  2263 | D:2      | Reached XP level 4. HP: 17/25 MP: 7/11
  2823 | D:3      | Reached skill level 4 in Spellcasting
  2839 | D:3      | Found a radiant altar of Vehumet.
  2872 | D:3      | Became a worshipper of Vehumet
  4363 | D:3      | Reached XP level 5. HP: 7/30 MP: 13/13
  4959 | D:4      | Reached XP level 6. HP: 35/35 MP: 15/15
  4981 | D:4      | Reached skill level 5 in Spellcasting
  4988 | D:4      | Learned a level 3 spell: Stone Arrow
  4994 | D:4      | Learned a level 5 spell: Lee's Rapid Deconstruction
  5130 | D:4      | Reached * piety under Vehumet
  5130 | D:4      | Offered knowledge of Flame Tongue by Vehumet.
  5134 | D:4      | Reached skill level 1 in Conjurations
  5185 | D:4      | Reached skill level 5 in Earth Magic
  5212 | D:4      | Noticed Robin
  5223 | D:4      | Killed Robin
  5553 | D:4      | Reached XP level 7. HP: 38/40 MP: 17/17
  5995 | D:5      | Entered Level 5 of the Dungeon
  5995 | D:5      | Noticed Pikel
  6450 | D:4      | Reached skill level 1 in Shields
  6495 | D:5      | Reached skill level 5 in Dodging
  6690 | D:5      | Killed Pikel
  6690 | D:5      | Reached skill level 6 in Spellcasting
  6690 | D:5      | Reached XP level 8. HP: 30/46 MP: 6/19
  6797 | D:5      | Found an opulent altar of Gozag.
  6847 | D:5      | You fall through a shaft!
  7111 | D:5      | Noticed Ijyb
  7112 | D:5      | Noticed Eustachio
  7128 | D:5      | Killed Ijyb
  7327 | D:5      | Reached ** piety under Vehumet
  7497 | D:5      | Found a staircase to the Ecumenical Temple.
  7506 | D:5      | Killed Eustachio
  7515 | Temple   | Entered the Ecumenical Temple
  7671 | Temple   | Learned a level 1 spell: Flame Tongue
  7752 | D:5      | Found an opulent altar of Gozag.
  7754 | D:5      | Found a basalt altar of Yredelemnul.
  7994 | D:6      | Offered knowledge of Magic Dart by Vehumet.
  8404 | D:6      | Reached skill level 1 in Evocations
  8606 | D:6      | Found a shadowy altar of Dithmenos.
  8609 | D:6      | Found a glowing golden altar of the Shining One.
  8612 | D:6      | Found an iron altar of Okawaru.
  8857 | D:7      | Reached skill level 1 in Fire Magic
  8896 | D:7      | Reached XP level 9. HP: 51/52 MP: 21/21
  8921 | D:7      | Reached skill level 7 in Spellcasting
  8931 | D:7      | Noticed Duvessa
  8935 | D:7      | Noticed Dowan
  8936 | D:7      | Killed Duvessa
  8936 | D:7      | Reached skill level 5 in Conjurations
  8940 | D:7      | Killed Dowan
  9432 | D:7      | Offered knowledge of Ignite Poison by Vehumet.
 10350 | D:7      | Learned a level 5 spell: Iskenderun's Battlesphere
 10356 | D:7      | Learned a level 5 spell: Bolt of Magma
 10460 | D:7      | Reached *** piety under Vehumet
 10477 | D:7      | Reached skill level 1 in Charms
 10805 | D:8      | Reached skill level 8 in Spellcasting
 10920 | D:8      | Reached XP level 10. HP: 58/58 MP: 21/24
 11065 | D:8      | Offered knowledge of Static Discharge by Vehumet.
 11271 | D:8      | Found a deep blue altar of Sif Muna.
 11897 | D:9      | Noticed a two-headed ogre
 12157 | D:9      | Killed a two-headed ogre
 12345 | D:9      | Found a glowing silver altar of Zin.
 12456 | D:9      | Noticed a two-headed ogre
 12461 | D:9      | Killed a two-headed ogre
 12461 | D:9      | Reached skill level 5 in Charms
 12785 | D:9      | Noticed a two-headed ogre
 12791 | D:9      | Killed a two-headed ogre
 12791 | D:9      | Reached skill level 5 in Fighting
 12893 | D:9      | Reached **** piety under Vehumet
 12908 | D:9      | Offered knowledge of Mephitic Cloud by Vehumet.
 13676 | D:10     | Entered Level 10 of the Dungeon
 13685 | D:10     | Reached skill level 9 in Spellcasting
 13981 | D:10     | Found a staircase to the Lair.
 14035 | D:10     | Reached XP level 11. HP: 63/63 MP: 19/26
 14713 | D:10     | Reached skill level 5 in Evocations
 14721 | D:10     | Learned a level 6 spell: Iron Shot
 14742 | D:10     | Reached skill level 5 in Fire Magic
 14891 | D:10     | Noticed Josephine
 14916 | D:11     | Found a staircase to the Orcish Mines.
 15458 | D:10     | Killed Josephine
 15902 | D:11     | Noticed Urug
 16577 | D:11     | Killed an unseen horror
 16861 | D:12     | Found a sacrificial altar of Ru.
 16884 | D:11     | Killed Urug
 16884 | D:11     | Reached skill level 10 in Spellcasting
 16903 | D:11     | Noticed a purple ugly thing
 16980 | D:11     | Reached ***** piety under Vehumet
 16987 | D:12     | Killed a purple ugly thing
 17088 | D:11     | Offered knowledge of Fireball by Vehumet.
 17353 | D:11     | Found a deep blue altar of Sif Muna.
 17457 | D:11     | Noticed an obsidian statue
 17499 | D:11     | Found Zetwecs's Changing Room.
 17687 | D:11     | Reached XP level 12. HP: 70/70 MP: 28/28
 17723 | D:11     | Learned a level 5 spell: Fireball
 18779 | D:12     | Noticed a four-headed hydra
 18787 | D:12     | Killed a four-headed hydra
 18801 | D:12     | Noticed a six-headed hydra
 18928 | D:12     | Slain by a six-headed hydra

Skill      XL: |  1  2  3  4  5  6  7  8  9 10 11 12 |
---------------+-------------------------------------+-----
Dodging        | 3 4 5 6 7 8 9 |  9.4
Fighting       | 1 2 3 4 5 6 |  6.3
Spellcasting   | 4 5 6 8 9 10 | 10.5
Earth Magic    | 4 5 6 7 8 9 |  9.0
Conjurations   | 1 3 4 5 6 8 |  8.3
Shields        | 2 3 4 |  4.0
Evocations     | 1 3 4 6 |  6.6
Fire Magic     | 1 3 4 6 |  6.5
Charms         | 2 6 |  6.0
Stealth        | |  2.4
Transmutations | |  1.1

Action                   |  1- 3 |  4- 6 |  7- 9 | 10-12 || total
-------------------------+-------+-------+-------+-------++-------
Melee: Dagger            |    53 |    38 |    98 |     5 ||   194
       Short sword       |    50 |    18 |       |       ||    68
       Demon trident     |       |       |       |    14 ||    14
 Cast: Sandblast         |    35 |    87 |    56 |    67 ||   245
       Stone Arrow       |       |       |   153 |   325 ||   478
       Flame Tongue      |       |       |     9 |       ||     9
       Iskenderun's Batt |       |       |       |     2 ||     2
  Use: Scroll            |     6 |     6 |     6 |    12 ||    30
       Potion            |       |     1 |     1 |     4 ||     6
 Stab: Sleeping          |     7 |     2 |       |       ||     9
       Distracted        |       |       |     1 |       ||     1
  Eat: Chunk             |     4 |     7 |    17 |    18 ||    46
       Ration            |       |     1 |       |     2 ||     3
Armor: Robe              |    33 |    18 |    45 |    36 ||   132
Dodge: Dodged            |    77 |    74 |   249 |   190 ||   590
Block: Buckler           |       |       |    15 |    53 ||    68
